 Dungeon Crawl Stone Soup version 0.27.1-33-g824d729ab1 (webtiles) character file.

Game seed: 2607727622374575794

67 FreshCat the Bolt Thrower (level 4, 0/27 HPs)
             Began as a Kobold Hunter on Dec 16, 2021.
             Killed from afar by an orc wizard (7 damage)
             ... with a magic dart
             ... on level 1 of the Dungeon.
             The game lasted 00:13:42 (1726 turns).

FreshCat the Bolt Thrower (Kobold Hunter)           Turns: 1726, Time: 00:13:43

Health: 0/27       AC:  3    Str:  7 (10) XL:     4   Next: 38%
Magic:  4/4        EV: 14    Int: 10 (12) God:
Gold:   51         SH:  0    Dex: 12 (15) Spells: 3/3 levels left

rFire    . . .     SeeInvis .   b - +0 short sword
rCold    . . .     Faith    .   (shield restricted)
rNeg     . . .     Spirit   .   c - +0 leather armour
rPois    .         Reflect  .   (no helmet)
rElec    .         Harm     .   (no cloak)
rCorr    .         Rampage  .   (no gloves)
Will     .....                  (no boots)
Stlth    ++........             (no amulet)
HPRegen  0.09/turn              (no ring)
MPRegen  0.09/turn              (no ring)

@: confused
A: small, no large weapons, nightstalker 3
a: no special abilities


You were on level 1 of the Dungeon.
You visited 1 branch of the dungeon, and saw 2 of its levels.

You collected 51 gold pieces.

Inventory:

Hand Weapons
 a - a +1 hand crossbow
 b - a +0 short sword (weapon)
Missiles
 d - 2 bolts
Armour
 c - a +0 leather armour (worn)
Scrolls
 e - a scroll of identify {unknown}
 h - a scroll of teleportation {unknown}
 i - a scroll of noise {unknown}


   Skills:
 + Level 2.6 Fighting
 + Level 6.4 Crossbows
 + Level 2.6 Dodging
 + Level 1.6 Stealth


You had 3 spell levels left.
You didn't know any spells.
Your spell library was empty.

Dungeon Overview and Level Annotations

Branches:
Dungeon (2/15)

Altars:

Shops:
D:1 :=(   D:2 :

Annotations:
D:1 exclusion: downstairs


Innate Abilities, Weirdness & Mutations

You are small and have problems with some larger weapons.
You are completely attuned to the shadows.


Message History

The orc wizard hits you with a +0 dagger.
You climb upwards.
Level annotation: exclusion: downstairs
There is a stone staircase leading down here.
You hit the orc wizard but do no damage.
The orc wizard barely misses you.
You barely miss the orc wizard.
The orc wizard hits you with a +0 dagger.
You hit the orc wizard but do no damage.
The orc wizard hits you but does no damage.
You barely miss the orc wizard.
The orc wizard casts a spell.
The orc wizard flickers and vanishes!
Deactivating autopickup; reactivate with Ctrl-A.
You barely miss something. Something hits you.
You miss something. Something hits you but does no damage.
You hit something but do no damage.
You hear some strange, mumbled words.
You are confused.
Something barely misses you.
You're too confused to move!
Something hits you. Something barely misses you.
There is a stone staircase leading down here.
Something hits you but does no damage. Something hits you.
You miss something. Something hits you.
You feel less confused.
You hear some strange, mumbled words.
A puff of flame appears from out of thin air!
The puff of flame misses you. Something hits you.
* * * LOW HITPOINT WARNING * * *
You hear some strange, mumbled words.
You are confused.
You hit something. Something barely misses you.
You're too confused to move!
You hear some strange, mumbled words.
A magic dart appears from out of thin air!
The magic dart hits you!
You die...

####### #.....#
#######.....############
########......@{...#.##........
###..............>....#.#.#######
.........#.##.......)..#..#
....................##.##.##
.........#....##.......>...#
.##......#.†..##..#.##.##.##
.#######.#....##..##.#.#.##
.######.......##..###...##
.#.)...................##


There were no monsters in sight!

Vanquished Creatures
  An orc priest (D:2)
  A worm (D:2)
  3 orcs (D:2)
  2 endoplasms
  2 giant cockroaches (D:1)
  4 goblins (D:1)
  2 hobgoblins (D:1)
  2 quokkas
  3 ball pythons
  5 bats (D:1)
  2 frilled lizards
  2 kobolds
  3 rats
32 creatures vanquished.

Notes
Turn   | Place    | Note
-------+----------+-------------------------------------------
     0 | D:1      | FreshCat the Kobold Hunter began the quest for the Orb.
     0 | D:1      | Reached XP level 1. HP: 12/12 MP: 1/1
    76 | D:1      | Reached skill level 5 in Crossbows
   287 | D:1      | Found Wucahumu's Jewellery Boutique.
   290 | D:1      | Reached XP level 2. HP: 17/17 MP: 2/2
   339 | D:1      | Found Moroas's Weapon Shoppe.
   580 | D:1      | Found Viecradweuf's Book Boutique.
   590 | D:1      | Reached XP level 3. HP: 22/22 MP: 3/3
  1017 | D:2      | Reached skill level 6 in Crossbows
  1017 | D:2      | Reached XP level 4. HP: 27/27 MP: 4/4
  1216 | D:2      | Found Fukunn's Book Shoppe.
  1726 | D:1      | Killed from afar by an orc wizard

Illustrated notes

Levels and vault maps discovered:
D:1:      grunt_arrival_crossed_arrows, layout_loops_ring, serial_shops,
          nicolae_shop_stone, shop, nicolae_shop_waterfront
D:2:      layout_rooms, serial_shops, shop, grunt_ministairs_6

Skill      XL: |  1  2  3 |
---------------+----------+-----
Crossbows      | 5 6 |  6.4
Fighting       | |  2.6
Dodging        | |  2.6
Stealth        | |  1.6

Action                   |  1- 3 |  4- 6 || total
-------------------------+-------+-------++-------
Melee: Short sword       |    32 |    52 ||    84
 Fire: Hand crossbow     |    36 |    13 ||    49
  Use: Potion            |     3 |     1 ||     4
       Scroll            |     1 |       ||     1
Armor: Leather armour    |    11 |     9 ||    20
Dodge: Dodged            |    34 |    27 ||    61
